 Dungeon Sprint DCSS version 0.31-a0-940-gdaa99269f9 (webtiles) character file.

Game seed: 5061004842140312861

5332 BigDaddyOpFi the Hill Orc Cataclysm (level 10, -16/97 HPs)
             Began as a Hill Orc Fighter on Oct 20, 2023.
             Was a High Priest of Qazlal.
             Demolished by a +3 long sword of protection (17 damage)
             ... in the Dungeon (Sprint V: "Ziggurat Sprint").
             The game lasted 00:02:16 (526 turns).

BigDaddyOpFi the Hill Orc Cataclysm (HOFi)           Turns: 526, Time: 00:02:17

Health: -16/97     AC:  3    Str: 36    XL:     10   Next: 64%
Magic:  21/21      EV:  5    Int:  8    God:    Qazlal [*****.]
Gold:   0          SH: 36    Dex: 10    Spells: 9/9 levels left

rFire   . . .        C - +16 obsidian axe {drain, demonic, Mesm Drain Fly SInv}
rCold   . . .        E - +18 shield of the Gong {Loud rN+ Will+ rCorr EV-5}
rNeg    + . .        D - melded +15 Maxwell's patent armour {-Cast -Tele rElec Will+ rCorr}
rPois   .            (no helmet)
rElec   .            (no cloak)
rCorr   +            (no gloves)
SInv    +            (no boots)
Will    +....        (no amulet)
Stlth   +            x - +6 ring of strength
HPRegen 0.36/turn    y - +6 ring of strength
MPRegen 0.17/turn

%: no teleportation, repel missiles
@: maw-form, protected from physical damage, flying, mesmerised
A: devouring maw
a: Begin Untransformation, Renounce Religion, Upheaval, Elemental Force,
Disaster Area


You were in the Dungeon.
You worshipped Qazlal.
Qazlal was extremely pleased with you.
You were a creature with a mouth for a stomach.
You visited 1 branch

Inventory:

Hand Weapons
 C - the +16 obsidian axe (weapon) {drain, demonic, Mesm Drain Fly SInv}
   (You found it in the Dungeon)

   Mesm:      Its wielder is mesmerised by any visible foes, and it cannot be
   unequipped while any foes are visible.
   SInv:      It lets you see invisible.
   Fly:       It grants you flight.
   Drain:     It drains your maximum health when unequipped.
Armour
 D - the +15 Maxwell's patent armour (melded) {-Cast -Tele rElec Will+ rCorr}
   (You found it in the Dungeon)

   rElec:     It insulates you from electricity.
   Will+:     It increases your willpower.
   -Cast:     It prevents spellcasting.
   -Tele:     It prevents most forms of teleportation.
   rCorr:     It protects you from acid and corrosion.
 E - the +18 shield of the Gong (worn) {Loud rN+ Will+ rCorr EV-5}
   (You found it in the Dungeon)

   Loud:      It is deafeningly noisy when blocking attacks.
   EV-5:      It affects your evasion (-5).
   rN+:       It protects you from negative energy.
   Will+:     It increases your willpower.
   rCorr:     It protects you from acid and corrosion.
Jewellery
 s - a ring of flight
 t - a +6 ring of dexterity
 u - a +6 ring of dexterity
 v - a +6 ring of intelligence
 w - a +6 ring of intelligence
 x - a +6 ring of strength (left hand)
 y - a +6 ring of strength (right hand)
 G - a ring of willpower
Talismans
 B - a maw talisman (active)
Wands
 a - a wand of paralysis (4)
 c - a wand of flame (12)
 z - a wand of mindburst (7)
 A - a wand of quicksilver (7)
 F - a wand of roots (3)
Scrolls
 b - 8 scrolls of enchant weapon
 j - 4 scrolls of blinking
 n - a scroll of brand weapon
 o - 4 scrolls of amnesia
 p - 7 scrolls of fog
 q - 5 scrolls of identify
 r - 2 scrolls of fear
Potions
 d - 6 potions of might
 e - 10 potions of curing
 f - 10 potions of heal wounds
 g - 10 potions of haste
 h - 7 potions of magic
 i - 3 potions of berserk rage
 k - 2 potions of brilliance
 l - 2 potions of invisibility
 m - 3 potions of resistance


   Skills:
 + Level 11.9 Fighting
 + Level 12.5 Axes
 + Level 10.6 Armour
 + Level 10.6 Shields
 * Level 15.4 Invocations
 * Level 10.2 Shapeshifting


You had 9 spell levels left.
You didn't know any spells.
Your spell library contained the following spells:

 Spells                   Type           Power      Damage    Failure   Level
 Apportation              Tloc           0%         N/A       54%         1
 Necrotise                Necr           0%         1d4       54%         1
 Sting                    Tmut/Pois      0%         1d3       54%         1
 Summon Small Mammal      Summ           0%         N/A       54%         1
 Cigotuvi's Dreadful Rot  Necr/Pois/Air  0%         N/A       67%         2
 Ozocubu's Armour         Ice            0%         N/A       88%         3
 Summon Guardian Golem    Hex/Summ       0%         N/A       88%         3
 Vampiric Draining        Necr           0%         2d6       88%         3
 Dispel Undead            Necr           0%         3d6       99%         4
 Leda's Liquefaction      Hex/Erth       0%         N/A       99%         4
 Petrify                  Tmut/Erth      0%         N/A       99%         4
 Summon Lightning Spire   Summ/Air       0%         N/A       99%         4
 Agony                    Necr           0%         N/A       100%        5
 Death Channel            Necr           0%         N/A       100%        6
 Eringya's Noxious Bog    Tmut/Pois      0%         4d6       100%        6
 Haunt                    Necr/Summ      0%         N/A       100%        7


Dungeon Overview and Level Annotations

Branches:
Dungeon (1/1)

Altars:
Ashenzari
Cheibriados
Dithmenos
Elyvilon
Fedhas
Gozag
Hepliaklqana
Kikubaaqudgha
Makhleb
Nemelex Xobeh
Okawaru
Qazlal
Ru
Sif Muna
Trog
Uskayaw
Vehumet
Wu Jian
Xom
Yredelemnul
Zin
The Shining One
Beogh
Jiyva
Lugonu

Annotations:
D 1 transporter


Message History

PANG!
You slice the unseen horror!! You bite the unseen horror.
The unseen horror is severely wounded.
You slash the +1 scimitar of protection!
The unseen horror barely misses you.
The +1 scimitar of protection is engulfed in blazing flames.
The +1 scimitar of protection hits you!!
Your soul eater is engulfed in freezing vapours.
Your soul eater closely misses the +3 long sword of protection.
The +3 long sword of protection hits your soul eater!
Visions of slaying the +3 long sword of protection flood into your mind.
You block the unseen horror's attack.
BOUMMMMG!
The +1 scimitar of protection is engulfed in blazing flames.
You block the +1 scimitar of protection's attack.
PANG!
You block the +3 long sword of protection's attack.
SHROANNG!
Your soul eater closely misses the +3 long sword of protection.
The deep elf zephyrmancer points at you and mumbles some strange words.
The bolt of lightning hits you!
* * * LOW HITPOINT WARNING * * *
The bolt of lightning hits the unseen horror!!
The unseen horror dies!
The bolt of lightning misses the +1 scimitar of protection.
The bolt of lightning hits your soul eater!!
Your soul eater dies!
Your soul eater disappears in a puff of smoke!
The +1 scimitar of protection is engulfed in blazing flames.
The +1 scimitar of protection hits you!!
* * * LOW HITPOINT WARNING * * *
You feel much better.
You block the +3 long sword of protection's attack.
GONNNNG!
The +1 scimitar of protection is engulfed in freezing vapours.
The +1 scimitar of protection hits you!!
* * * LOW HITPOINT WARNING * * *
You feel protected from physical attacks.
The +3 long sword of protection hits you!
You die...

▓...©...▓
▓▓▓▓▓▓▓▓▓
▓..8©8..▓
▓../%|..▓
▓../::..▓
▓...e...▓
▓...e☼..▓
▓○e§(...▓
▓..W(°..▓
▓.▓☼..▓.▓
▓...©...▓
▓▓▓▓▓▓▓▓▓


You could see a deep elf knight (invisible), a deep elf pyromancer, a deep elf
zephyrmancer and 2 dancing weapons.

Vanquished Creatures
  An orc high priest (D)
  A deep elf knight (D)
  A spriggan druid (D)
  A deep elf pyromancer (D)
  A hornet (D)
  6 spriggans (D)
  A yak (D)
  A water moccasin (D)
  A wolf (D)
  A bullfrog (D)
  An iron imp (D)
  An adder (D)
  A shadow imp (D)
  A ball python (D)
19 creatures vanquished.

Vanquished Creatures (collateral kills)
  A spriggan (D)
  A deep elf zephyrmancer (D)
  A worldbinder (D)
  A hornet (D)
  A water moccasin (D)
  An adder (D)
  An ufetubus (D)
7 creatures vanquished.

Vanquished Creatures (others)
  An unseen horror (shapeshifter) (D)
1 creature vanquished.

Grand Total: 27 creatures vanquished

Notes
Turn   | Place    | Note
-------+----------+-------------------------------------------
     0 | D        | BigDaddyOpFi the Hill Orc Fighter began the quest for the
                  | Orb.
     0 | D        | Reached XP level 1. HP: 19/19 MP: 1/1
     0 | D        | Found a shimmering blue altar of Sif Muna.
     0 | D        | Found a bloodstained altar of Trog.
     0 | D        | Found a sacrificial altar of Ru.
     0 | D        | Found a stormy altar of Qazlal.
     0 | D        | Found an iron altar of Okawaru.
     1 | D        | Found a sparkling altar of Nemelex Xobeh.
     1 | D        | Found a blossoming altar of Fedhas.
     1 | D        | Found the +6 Majin-Bo {spellvamp, MP+6 Int+6}
     1 | D        | Found the +27 heavy crossbow "Sniper" {heavy, Acc+∞ SInv}
     1 | D        | Found the +10 dark maul {heavy}
     1 | D        | Found the +15 Maxwell's patent armour {-Cast -Tele rElec
                  | Will+ rCorr}
     1 | D        | Found the +18 shield of the Gong {Loud rN+ Will+ rCorr
                  | EV-5}
     1 | D        | Found the +16 obsidian axe {drain, demonic, Mesm Drain Fly
                  | SInv}
     1 | D        | Found the +7 great mace "Firestarter" {flame, immolate,
                  | rFlCloud rF++}
     1 | D        | Found the +6 shillelagh "Devastator" {shatter}
     1 | D        | Found the +11 plutonium sword {Contam Stlth-}
     1 | D        | Found the +8 lance "Wyrmbane" {slay drac, rPois rF+ rC+
                  | AC+3}
     1 | D        | Found the +9 sword of Zonguldrok {reap}
     1 | D        | Found the +13 scythe of Curses {drain, curses, Drain}
     1 | D        | Found the +9 sword of Power {lifebolt}
     1 | D        | Found the +7 mace of Variability {chaos, chaos arc}
     1 | D        | Found the +11 Singing Sword {sonic wave}
     1 | D        | Found the +8 storm bow {elec, penet}
     3 | D        | Found a transporter.
     3 | D        | Found an ancient bone altar of Kikubaaqudgha.
     3 | D        | Found a viscous altar of Jiyva.
     3 | D        | Found a corrupted altar of Lugonu.
     3 | D        | Found a hazy altar of Hepliaklqana.
     3 | D        | Found a burning altar of Makhleb.
     3 | D        | Found an opulent altar of Gozag.
     7 | D        | Banished a spatial maelstrom
     8 | D        | Banished a spatial maelstrom
    46 | D        | Became a worshipper of Qazlal Stormbringer
    85 | D        | Reached skill level 5 in Fighting
    85 | D        | Reached skill level 5 in Axes
    85 | D        | Reached skill level 5 in Armour
    85 | D        | Reached skill level 5 in Shields
    85 | D        | Reached XP level 2. HP: 3/30 MP: 2/2
    92 | D        | Entered arena 2.
    92 | D        | Noticed a yak
    92 | D        | Noticed a bullfrog
    92 | D        | Found a transporter.
    94 | D        | Killed a bullfrog
    95 | D        | Reached skill level 3 in Invocations
    95 | D        | Reached XP level 3. HP: 7/37 MP: 2/5
    95 | D        | Reached XP level 4. HP: 9/44 MP: 2/6
    95 | D        | Killed a yak
    96 | D        | Reached skill level 6 in Invocations
    96 | D        | Reached XP level 5. HP: 20/52 MP: 2/9
   265 | D        | Entered arena 3.
   265 | D        | Noticed a wolf
   265 | D        | Noticed a spriggan
   265 | D        | Noticed a spriggan
   265 | D        | Found a transporter.
   267 | D        | Killed a spriggan
   267 | D        | Reached * piety under Qazlal
   268 | D        | Reached skill level 7 in Invocations
   268 | D        | Reached XP level 6. HP: 29/61 MP: 9/11
   269 | D        | Reached skill level 8 in Invocations
   269 | D        | Reached skill level 5 in Shapeshifting
   269 | D        | Reached XP level 7. HP: 35/68 MP: 9/13
   269 | D        | Killed a spriggan
   270 | D        | Reached skill level 9 in Invocations
   275 | D        | Got Otyw's Guide on Nasty Frostbite
   300 | D        | Entered arena 4.
   300 | D        | Noticed a deep elf knight
   300 | D        | Noticed a deep elf pyromancer
   300 | D        | Noticed a deep elf zephyrmancer
   300 | D        | Noticed an orc high priest
   300 | D        | Found a transporter.
   303 | D        | Noticed a fire elemental
   303 | D        | Noticed a fire elemental
   304 | D        | Noticed an orange demon
   304 | D        | Noticed a sixfirhy
   304 | D        | Noticed a fire elemental
   304 | D        | Noticed a fire elemental
   304 | D        | Killed an orc high priest
   304 | D        | Reached ** piety under Qazlal
   305 | D        | Reached skill level 10 in Invocations
   305 | D        | Reached XP level 8. HP: 53/78 MP: 13/16
   309 | D        | Killed a deep elf zephyrmancer
   310 | D        | Reached skill level 10 in Axes
   310 | D        | Reached skill level 11 in Invocations
   311 | D        | Killed a deep elf pyromancer
   311 | D        | Killed a deep elf knight
   312 | D        | Reached skill level 10 in Fighting
   312 | D        | Reached skill level 13 in Invocations
   312 | D        | Reached XP level 9. HP: 69/86 MP: 14/18
   318 | D        | Entered arena 5.
   318 | D        | Noticed a worldbinder
   318 | D        | Found a transporter.
   320 | D        | Noticed a deep elf pyromancer
   320 | D        | Noticed a deep elf zephyrmancer
   321 | D        | Reached *** piety under Qazlal
   322 | D        | Noticed a deep elf zephyrmancer
   323 | D        | Killed a worldbinder
   323 | D        | Reached **** piety under Qazlal
   333 | D        | Entered arena 6.
   333 | D        | Found a transporter.
   350 | D        | Got the Meditations on the Legion
   414 | D        | Entered arena 7.
   414 | D        | Noticed a spriggan rider
   414 | D        | Noticed a spriggan rider
   414 | D        | Noticed a spriggan druid
   415 | D        | Found a transporter.
   418 | D        | Reached ***** piety under Qazlal
   418 | D        | Killed a spriggan druid
   419 | D        | Reached skill level 10 in Armour
   419 | D        | Reached skill level 10 in Shields
   419 | D        | Reached skill level 14 in Invocations
   419 | D        | Reached XP level 10. HP: 69/96 MP: 20/20
   421 | D        | Killed a spriggan rider
   422 | D        | Reached skill level 15 in Invocations
   422 | D        | Reached skill level 10 in Shapeshifting
   506 | D        | Got the Compilation of Glowing Earth
   522 | D        | Entered arena 8.
   522 | D        | Noticed a deep elf zephyrmancer
   522 | D        | Noticed a deep elf pyromancer
   522 | D        | Noticed an unseen horror
   522 | D        | Noticed a deep elf knight
   522 | D        | Noticed a +1 scimitar of protection
   522 | D        | Noticed a +3 long sword of protection
   523 | D        | Found a transporter.
   525 | D        | Killed an unseen horror
   526 | D        | HP: 1/97 [+1 scimitar of protection (21)]
   526 | D        | Demolished by a +3 long sword of protection

Illustrated notes

Levels and vault maps discovered:
D:        sprint_v [room_start, room_1, room_2, room_3, room_4, room_5, room_6,
          room_7, room_8, room_9, room_10, room_11, room_12, room_13, room_14,
          room_15, room_16, room_17, room_18, room_19, room_20, room_21,
          room_22, room_23, room_24, room_25, room_26, room_27]

Skill      XL: |  1  2  3  4  5  6  7  8  9 10 |
---------------+-------------------------------+-----
Fighting       | 5 6 7 8 9 10 11 | 11.9
Axes           | 5 6 7 8 9 11 12 | 12.5
Armour         | 5 6 7 8 9 10 | 10.6
Shields        | 5 6 7 8 9 10 | 10.6
Invocations    | 3 6 7 8 10 13 14 15 | 15.4
Shapeshifting  | 2 3 4 5 6 8 9 10 | 10.2

Action                     |  1- 3 |  4- 6 |  7- 9 | 10-12 || total
---------------------------+-------+-------+-------+-------++-------
  Melee: Broad axe         |     2 |     3 |    18 |     6 ||    29
         Maw               |     1 |     1 |     4 |     1 ||     7
    Use: Potion            |     2 |       |     3 |     1 ||     6
 Armour: Skin              |       |       |    15 |     8 ||    23
  Dodge: Dodged            |       |       |     1 |     2 ||     3
  Block: Kite shield       |     4 |     5 |    43 |    14 ||    66
   Form: Maw               |     1 |       |       |       ||     1

Table legend: (Time is in decaauts)
 A = Elapsed time spent in this place.
 B = Non-inter-level travel time spent in this place.
 C = Inter-level travel time spent in this place.
 D = Time resting spent in this place.
 E = Time spent auto-exploring this place.
 F = Levels seen in this place.
 G = Mean time per level.
                   A        B        C        D        E       F      G
               +--------+--------+--------+--------+--------+-----+--------+
         Total |    529 |    529 |      0 |    311 |      0 |   1 |  529.0 |
       Dungeon |    529 |    529 |      0 |    311 |      0 |   1 |  529.0 |
               +--------+--------+--------+--------+--------+-----+--------+

Top non-repeatable levels by time:
       D: 529 daAuts
